Map: Catalyst LE

Players

Elazer - Winner!

  • Race: Zerg Zerg
  • League: Master
  • Spawn Location: 5:00

Stephano

  • Race: Zerg Zerg
  • League: Grandmaster
  • Spawn Location: 11:00

Event: HomeStory Cup XVI

VOD

Have the link to the VOD?

Description

Time

  • Played on: Nov. 9, 2017, 6:49 a.m.
  • Length: 17:42

All games in this series

Show
View Real Time Build Order
Export as new Build Order

Elazer Zerg - Winner!

Build Orders: Hatch First, Zergling Baneling 

Get SALT Encoding   

  12  0:02  Drone  
  13  0:12  Overlord  
  13  0:16  Drone  
  14  0:30  Drone  
  14  0:31  Drone  
  14  0:34  Drone  
  17  0:51  Hatchery  
  17  0:53  Drone  
  17  0:58  Drone  
  18  1:07  Extractor  
  17  1:12  Spawning Pool  
  17  1:15  Drone  
  17  1:19  Drone  
  18  1:28  Drone  
  19  1:39  Overlord  
  19  1:50  Drone  
  20  1:59  Queen  
  23  2:01  Zergling x2  
  23  2:03  Queen, Zergling x2  
  23  2:07  Metabolic Boost  
  26  2:11  Drone  
  26  2:14  Drone  
  28  2:22  Drone  
  29  2:28  Zergling x2  
  30  2:37  Hatchery  
  29  2:39  Drone  
  29  2:42  Drone  
  31  2:44  Drone  
  32  2:54  Overlord  
  32  2:59  Drone  
  32  3:00  Drone  
  34  3:08  Overlord  
  34  3:09  Baneling Nest  
  33  3:16  Zergling x6  
  36  3:26  Queen x2  
  40  3:32  Zergling x6  
  41  3:35  Zergling x2  
  42  3:41  Overlord  
  42  3:42  Zergling x2  
  43  3:53  Baneling x2  
  43  3:55  Baneling x2  
  43  3:58  Zergling x12  
  43  4:02  Zergling x4  
  51  4:12  Overlord  
  49  4:25  Overlord  
  49  4:26  Drone x4  
  49  4:28  Drone x2  
  50  4:33  Baneling x4  
  50  4:36  Overlord  
  50  4:37  Drone x2  
  49  4:39  Drone  
  49  4:43  Drone  
  49  4:44  Drone  
  49  4:45  Drone  
  52  4:48  Drone  
  52  4:52  Drone  
  52  4:54  Drone x2  
  51  5:02  Roach Warren  
  51  5:03  Baneling x2, Zergling x4  
  52  5:09  Zergling x2  
  52  5:10  Zergling x6  
  52  5:13  Overlord  
  56  5:14  Zergling x2  
  56  5:23  Baneling x2  
  56  5:24  Overlord  
  56  5:26  Drone  
  56  5:27  Extractor, Evolution Chamber  
  55  5:29  Drone x3  
  55  5:32  Zergling x6  
  61  5:36  Overlord  
  61  5:44  Overlord  
  61  5:45  Drone x2  
  61  5:47  Drone  
  64  5:50  Overlord  
  64  5:56  Drone x5  
  69  5:57  Drone  
  69  5:58  Drone  
  69  6:01  Drone  
  66  6:11  Roach  
  66  6:12  Roach x7  
  66  6:15  Extractor  
  66  6:17  Extractor  
  66  6:18  Overlord  
  79  6:21  Zerg Missile Weapons Level 1  
  79  6:22  Drone  
  80  6:27  Drone x4  
  80  6:31  Overlord  
  84  6:39  Overlord  
  82  6:43  Lair  
  82  6:44  Drone x2  
  82  6:45  Drone x3  
  87  6:50  Baneling x2  
  87  6:55  Pneumatized Carapace  
  87  6:56  Overlord  
  87  6:59  Hatchery  
  86  7:01  Drone  
  86  7:03  Drone  
  86  7:04  Extractor, Drone x2  
  86  7:05  Roach x4  
  97  7:10  Overlord  
  96  7:19  Roach x5  
  106  7:23  Roach  
  106  7:24  Roach  
  106  7:26  Roach  
  106  7:28  Roach  
  106  7:29  Roach  
  116  7:32  Roach x2  
  116  7:33  Overlord  
  120  7:38  Roach x3  
  120  7:40  Roach  
  120  7:42  Overlord  
  128  7:45  Roach x3  
  134  7:52  Glial Reconstitution  
  134  7:54  Overlord  
  134  7:56  Roach  
  136  8:02  Roach x4  
  139  8:06  Drone x4  
  139  8:07  Drone  
  143  8:14  Drone x7  
  143  8:16  Overseer  
  150  8:21  Evolution Chamber  
  150  8:22  Overlord  
  150  8:23  Zerg Missile Weapons Level 2  
  149  8:28  Roach x2  
  149  8:29  Roach x2  
  157  8:36  Roach x4  
  165  8:46  Roach x5  
  175  8:54  Roach x5  
  185  8:57  Overlord  
  185  9:05  Roach  
  185  9:06  Roach x2  
  191  9:10  Zerg Ground Armor Level 1  
  191  9:23  Roach x2  
  191  9:24  Roach x2  
  195  9:37  Roach x7  
  197  9:44  Roach x5  
  199  9:52  Overseer  
  165  10:09  Drone x4  
  165  10:10  Roach x4  
  165  10:11  Roach x2  
  176  10:20  Roach x13  
  173  10:37  Roach x8  
  143  10:52  Drone x6  
  145  10:59  Overseer  
  145  11:00  Roach x7  
  141  11:14  Roach  
  141  11:15  Roach x5  
  144  11:26  Roach x6  
  144  11:32  Roach  
  162  11:33  Roach x3  
  164  11:40  Roach  
  164  11:41  Roach x3  
  172  11:47  Roach  
  172  11:48  Roach x2, Overlord  
  175  12:02  Drone x3  
  175  12:03  Drone x2  
  180  12:14  Roach  
  180  12:15  Roach x9  
  191  12:25  Roach  
  191  12:26  Roach x4  
  172  12:35  Roach x3  
  172  12:36  Roach  
  156  12:40  Roach x2  
  154  12:46  Roach x2  
  156  12:52  Roach x3  
  162  13:00  Roach x4  
  162  13:04  Roach  
  162  13:05  Roach x2  
  144  13:28  Roach x12  
  166  13:40  Roach x5  
  160  13:53  Roach x6  
  154  14:00  Overseer  
  152  14:02  Roach  
  152  14:03  Roach x3  
  152  14:09  Roach x3  
  148  14:15  Roach x2  
  148  14:16  Roach x4  
  155  14:22  Roach x3  
  161  14:35  Ravager  
  161  14:36  Ravager  
  161  14:37  Ravager  
  164  14:42  Roach x2  
  168  14:49  Overlord x3  
  168  14:50  Overlord  
  168  14:58  Queen  
  157  15:15  Roach  
  157  15:16  Roach x11  
  163  15:23  Roach x5  
  158  15:45  Roach x5  
  158  15:46  Roach x4  
  151  16:07  Roach x7  
  165  16:13  Roach x5  
  164  16:25  Roach  
  110  16:39  Roach x2  
  99  17:03  Roach x3  
Show
View Real Time Build Order
Export as new Build Order

Stephano Zerg 

Build Orders: Hatch First 

Get SALT Encoding   

  12  0:00  Drone  
  13  0:12  Overlord  
  13  0:17  Drone  
  14  0:31  Drone x2  
  14  0:34  Drone  
  17  0:52  Hatchery  
  17  0:55  Drone  
  17  0:58  Drone  
  18  1:08  Extractor  
  17  1:13  Spawning Pool  
  17  1:16  Drone  
  17  1:23  Drone  
  18  1:28  Drone  
  19  1:39  Overlord  
  19  1:59  Queen  
  19  2:00  Zergling x4  
  23  2:04  Queen  
  23  2:05  Zergling x2  
  26  2:10  Metabolic Boost  
  26  2:12  Drone  
  27  2:16  Drone  
  28  2:23  Drone  
  28  2:28  Drone  
  30  2:33  Drone  
  30  2:35  Queen  
  33  2:38  Drone  
  34  2:54  Drone  
  34  2:57  Drone  
  36  3:00  Hatchery  
  36  3:03  Drone  
  36  3:05  Baneling Nest  
  35  3:07  Overlord  
  35  3:15  Drone  
  36  3:23  Overlord  
  36  3:26  Drone x4  
  40  3:29  Zergling x4  
  41  3:40  Overlord  
  41  3:42  Drone  
  42  3:49  Baneling  
  42  3:50  Baneling  
  42  3:53  Baneling  
  42  3:55  Drone  
  42  3:56  Drone, Zergling x2  
  42  3:57  Zergling x8  
  49  4:02  Extractor  
  49  4:06  Drone  
  49  4:07  Roach Warren  
  48  4:14  Zergling x4  
  49  4:18  Drone  
  49  4:22  Drone  
  49  4:23  Drone  
  52  4:25  Overlord  
  52  4:30  Overlord, Drone  
  52  4:31  Drone x2  
  54  4:33  Extractor  
  54  4:34  Zergling x8  
  54  4:35  Baneling  
  54  4:37  Baneling x2  
  52  4:40  Zergling x2  
  52  4:43  Queen  
  52  4:46  Zergling x4  
  50  5:00  Drone  
  50  5:01  Drone  
  50  5:02  Drone  
  50  5:03  Drone x4  
  55  5:07  Drone  
  55  5:08  Drone x2  
  58  5:16  Drone x3  
  60  5:23  Drone  
  60  5:24  Lair, Drone  
  60  5:25  Evolution Chamber  
  62  5:28  Drone x3  
  64  5:38  Drone  
  64  5:39  Drone x3  
  68  5:45  Baneling  
  68  5:48  Overlord  
  68  5:59  Overlord  
  68  6:00  Drone  
  68  6:01  Overlord  
  68  6:02  Drone x4  
  68  6:03  Drone  
  73  6:10  Roach x4  
  73  6:11  Roach  
  81  6:12  Queen  
  81  6:16  Overlord x2  
  81  6:19  Zerg Missile Weapons Level 1, Evolution Chamber  
  81  6:23  Baneling x2  
  81  6:24  Glial Reconstitution  
  80  6:27  Roach x5  
  80  6:31  Overlord  
  88  6:40  Drone x2  
  88  6:42  Roach x4, Extractor  
  88  6:43  Extractor  
  88  6:46  Roach x3  
  102  6:54  Roach  
  102  6:55  Roach x4  
  102  6:58  Extractor  
  111  7:01  Roach  
  111  7:02  Roach x2  
  111  7:05  Baneling  
  111  7:06  Baneling x2  
  117  7:09  Roach  
  117  7:13  Drone x4  
  115  7:16  Drone x3  
  118  7:27  Drone x3  
  121  7:33  Overlord  
  121  7:35  Burrow  
  121  7:36  Zerg Ground Armor Level 1  
  121  7:42  Tunneling Claws, Overlord  
  121  7:45  Overlord  
  121  7:54  Drone x3  
  121  7:56  Roach x2  
  128  8:01  Hatchery  
  126  8:09  Roach x9  
  126  8:10  Roach  
  146  8:21  Zerg Missile Weapons Level 2  
  146  8:24  Pneumatized Carapace  
  146  8:26  Overlord x2  
  146  8:30  Overlord  
  146  8:34  Unknown  
  146  8:40  Overlord  
  146  8:41  Overlord  
  146  8:44  Queen  
  146  8:45  Ravager x6  
  146  8:47  Roach x2  
  146  8:48  Roach x2  
  162  8:55  Overlord  
  162  8:58  Drone x2  
  162  9:02  Roach, Hydralisk Den  
  167  9:03  Roach x5  
  167  9:09  Roach  
  180  9:10  Roach x3  
  180  9:14  Ravager  
  183  9:19  Roach  
  183  9:20  Roach x2  
  183  9:22  Drone x3  
  183  9:23  Roach  
  183  9:24  Roach x5  
  194  9:25  Roach x3  
  190  9:35  Roach Warren  
  190  9:37  Roach x4  
  186  9:42  Roach x3  
  186  9:43  Roach x2  
  177  9:53  Roach x4  
  177  9:57  Roach  
  177  9:58  Roach  
  178  10:03  Roach  
  178  10:04  Roach x4  
  178  10:06  Roach x3  
  178  10:07  Roach  
  169  10:16  Roach x4  
  171  10:24  Roach x2  
  171  10:25  Roach x4  
  166  10:35  Roach  
  166  10:36  Roach x2  
  166  10:42  Roach x3  
  152  10:47  Roach x4  
  142  10:57  Roach x2  
  142  10:59  Roach x5  
  148  11:04  Roach x14  
  148  11:09  Roach x3  
  144  11:16  Roach  
  142  11:24  Roach x2  
  142  11:25  Roach  
  144  11:27  Roach  
  142  11:34  Roach x3  
  142  11:35  Roach x3  
  142  11:39  Drone x3  
  153  11:40  Drone x2  
  155  11:47  Roach x3  
  159  11:57  Roach x6  
  159  11:59  Roach x2  
  159  12:00  Roach  
  167  12:07  Roach x4  
  171  12:13  Unknown  
  153  12:18  Roach  
  153  12:19  Roach x3  
  159  12:26  Roach x2  
  142  12:31  Roach  
  142  12:32  Roach  
  124  12:38  Roach x4  
  124  12:47  Roach x2  
  128  12:54  Ravager x7  
  128  12:55  Roach  
  128  12:56  Roach  
  141  12:58  Roach  
  141  13:05  Unknown  
  141  13:06  Roach x2  
  137  13:14  Roach x3  
  135  13:22  Drone x9  
  135  13:24  Roach x4  
  135  13:26  Roach  
  135  13:27  Roach  
  127  13:28  Roach x2  
  127  13:31  Roach x2  
  123  13:39  Roach  
  121  13:42  Roach  
  121  13:44  Roach x3  
  121  13:48  Roach x4  
  123  13:52  Roach  
  123  13:53  Roach x2  
  120  14:05  Roach x2  
  120  14:06  Roach x2  
  120  14:09  Roach x2  
  123  14:11  Roach  
  123  14:12  Roach  
  125  14:22  Ravager x3  
  128  14:26  Drone x4  
  132  14:37  Roach x5  
  130  14:40  Roach x5  
  138  14:54  Roach  
  138  14:55  Roach x3  
  138  14:57  Roach x2  
  138  14:58  Roach  
  138  14:59  Roach x3  
  150  15:04  Roach x2  
  150  15:05  Roach  
  148  15:18  Roach  
  148  15:19  Roach x4, Drone x7  
  137  15:29  Roach x2  
  137  15:32  Roach x2  
  141  15:42  Roach x3  
  145  15:45  Roach  
  143  15:51  Roach  
  143  15:52  Roach  
  135  15:57  Roach  
  135  16:02  Roach  
  132  16:07  Roach x3  
  110  16:18  Roach x2  
  85  16:32  Ravager x2  
  73  16:33  Ravager  
  70  16:43  Ravager x2  
  60  17:22  Drone  
Tags
 
Add a new tag
Caveats
  • Supply blocks, unpowered buildings, or Contaminate may cause inaccurate times.
  • Supply counts are checked every 10 seconds.